 Dungeon Crawl Stone Soup version 0.29-a0-416-g83a48905f1 (webtiles) character file.

Game seed: 3718736034331160745

49 xian the Covered (level 3, -5/23 HPs)
             Began as a Tengu Fighter on May 16, 2022.
             Was a Believer of Dithmenos.
             Killed from afar by an electric eel (7 damage)
             ... with a bolt of electricity
             ... on level 3 of the Dungeon.
             The game lasted 00:04:52 (1597 turns).

xian the Covered (Tengu Fighter)                    Turns: 1597, Time: 00:04:52

Health: -5/23      AC:  8    Str: 18    XL:     3   Next: 77%
Magic:  4/4        EV:  9    Int:  8    God:    Dithmenos [**....]
Gold:   103        SH:  5    Dex: 13    Spells: 2/2 levels left

rFire   . . .      SeeInvis .   e - +2 dagger (protect)
rCold   . . .      Faith    .   c - +0 buckler
rNeg    . . .      Spirit   .   b - +0 scale mail
rPois   .          Reflect  .   (helmet restricted)
rElec   .          Harm     .   (no cloak)
rCorr   .          Rampage  .   n - +0 pair of gloves
Will    .....                   (boots unavailable)
Stlth   ..........              m - amulet of regeneration
HPRegen 0.87/turn               (no ring)
MPRegen 0.09/turn               (no ring)

@: wreathed by umbra
A: beak, talons 3
a: Renounce Religion, Shadow Step


You were on level 3 of the Dungeon.
You worshipped Dithmenos.
Dithmenos was pleased with you.
You visited 1 branch of the dungeon, and saw 3 of its levels.

You collected 103 gold pieces.

Inventory:

Hand Weapons
 a - a +0 trident
 e - a +2 dagger of protection (weapon)
Missiles
 p - 3 boomerangs (quivered)
 q - 4 poisoned darts
Armour
 b - a +0 scale mail (worn)
 c - a +0 buckler (worn)
 n - a +0 pair of gloves (worn)
Jewellery
 m - an amulet of regeneration (around neck)
Wands
 r - a wand of flame (16)
Scrolls
 g - 6 scrolls of identify {unknown}
 h - 4 scrolls of teleportation {unknown}
 i - a scroll of fear {unknown}
 l - a scroll of vulnerability {unknown}
Potions
 d - a potion of might
 f - a potion of berserk rage {unknown}
 j - a potion of curing {unknown}
 k - 3 potions of lignification {unknown}
 o - 2 potions of flight {unknown}


   Skills:
 + Level 3.3 Fighting
 + Level 0.7 Short Blades
 + Level 2.3 Polearms
 + Level 4.1 Armour
 + Level 0.1 Dodging
 + Level 3.4 Shields


You had 2 spell levels left.
You didn't know any spells.
Your spell library contained the following spells:

 Spells                   Type           Power      Damage    Failure   Level
 Summon Small Mammal      Summ           0%         N/A       87%         1
 Call Canine Familiar     Summ           0%         N/A       99%         3
 Summon Guardian Golem    Hex/Summ       0%         N/A       99%         3


Dungeon Overview and Level Annotations

Branches:
Dungeon (3/15)

Altars:
Dithmenos
Elyvilon

Annotations:
D:3 1 transporter


Innate Abilities, Weirdness & Mutations

You have a beak for a mouth.
You have claws for feet.


Message History

You see here a +0 helmet.
Unknown command.
r - a +0 helmet
There are no items here.
Okay, then.
You drop a +0 helmet.
A bat comes into view.
The bat hits you but does no damage. The bat hits you but does no damage.
You hit the bat.
Your weapon exudes an aura of protection.
You kill the bat!
Dithmenos accepts your kill.
There is a transporter here.
You see here a bat corpse.
You enter the transporter and appear at another place.
r - a wand of flame (16)
You hit the plant.
The plant begins to die.
The plant is lightly damaged.
You open the door.
The electric eel shoots out a bolt of lightning at you!
The bolt of electricity hits you! x2
* * * LOW HITPOINT WARNING * * *
The bolt of electricity hits the plant.
There is an open door here.
A nearby plant withers and dies.
You close the door.
You start resting.
HP restored.
As you open the door, it creaks loudly!
The electric eel shoots out a bolt of lightning at you!
The bolt of electricity hits you!
Ouch! That really hurt!
The bolt of electricity hits the plant!
The plant begins to die.
The bolt of electricity hits the plant.
The electric eel shoots out a bolt of lightning at you!
The bolt of electricity hits you!
* * * LOW HITPOINT WARNING * * *
The bolt of electricity hits you!
You die...

###..##+##..#≈P≈≈≈#..#
##...## # #.....
#..#≈≈≈≈≈#..# ...# #
##.....#..#≈≈≈≈≈#..#
.........#..#≈≈♣≈≈#..#
.##...#.##..#≈≈≈≈≈#..#
.#
...#.##..#S..!≈#..####.#
......#
#..#S...S#.......#
###....
#..###'###...##### ..<..
#..#≈..@P#........
.....##..#8.©.8#........
.........#######........
.#......©......#####
#.[...........#
#.###.#.#.##...... #.#
#.#............ #.#
#.##........... ...
...#$..........


You could see 3 electric eels.

Vanquished Creatures
  An adder (D:2)
  6 endoplasms
  A giant cockroach (D:2)
  6 goblins
  3 hobgoblins
  A quokka (D:2)
  5 ball pythons
  6 bats
  A frilled lizard (D:1)
  3 kobolds
  3 rats
36 creatures vanquished.

Vanquished Creatures (others)
  A plant (D:3)
1 creature vanquished.

Grand Total: 37 creatures vanquished

Notes
Turn   | Place    | Note
-------+----------+-------------------------------------------
     0 | D:1      | xian the Tengu Fighter began the quest for the Orb.
     0 | D:1      | Reached XP level 1. HP: 14/14 MP: 2/2
   160 | D:1      | Reached XP level 2. HP: 19/19 MP: 3/3
   224 | D:1      | Found a faded altar of an unknown god.
   235 | D:1      | Prayed at the altar of an unknown god.
   235 | D:1      | Became a worshipper of Dithmenos the Shadowed
   235 | D:1      | Reached * piety under Dithmenos
   749 | D:2      | Reached XP level 3. HP: 18/23 MP: 4/4
  1022 | D:2      | Reached skill level 4 in Armour
  1030 | D:2      | Reached ** piety under Dithmenos
  1038 | D:2      | Found a white marble altar of Elyvilon.
  1482 | D:3      | Found a transporter.
  1531 | D:3      | Found a transporter.
  1597 | D:3      | Killed from afar by an electric eel

Illustrated notes

Levels and vault maps discovered:
D:1:      psy_arrival_conway, layout_rooms, dreamdust_ecumenical_altar_statues
D:2:      layout_basic, basic_altar
D:3:      gammafunk_steamed_eel, layout_basic, grunt_temple_overflow_open,
          nemelex_dance_club_becter, chequers_serial_rivers_room_b

Skill      XL: |  1  2  3 |
---------------+----------+-----
Armour         | 4 |  4.1
Fighting       | |  3.3
Short Blades   | |  0.7
Polearms       | |  2.3
Dodging        | |  0.1
Shields        | |  3.4

Action                   || total
-------------------------++-------
Melee: Dagger            ||    75
       Peck              ||    15
       Kick              ||    25
       Trident           ||     4
Armor: Scale mail        ||    44
Dodge: Dodged            ||    42
Block: Buckler           ||    15

Table legend: (Time is in decaauts)
 A = Elapsed time spent in this place.
 B = Non-inter-level travel time spent in this place.
 C = Inter-level travel time spent in this place.
 D = Time resting spent in this place.
 E = Time spent auto-exploring this place.
 F = Levels seen in this place.
 G = Mean time per level.
                   A        B        C        D        E       F      G
               +--------+--------+--------+--------+--------+-----+--------+
         Total |   1604 |   1574 |     30 |     17 |   1089 |   3 |  534.7 |
       Dungeon |   1604 |   1574 |     30 |     17 |   1089 |   3 |  534.7 |
               +--------+--------+--------+--------+--------+-----+--------+

Top non-repeatable levels by time:
     D:1: 750 daAuts
     D:2: 687 daAuts
     D:3: 167 daAuts
